TOP OF THE 1ST |
Bismarck Barons batting - Pitching for San Diego Smashers : RHP David West
|
Pitching: RHP David West
|
|
Batting: SHB Chris Griffith
|
0-0: Ball 1-0: Fly out, F8 (Flyball, 8RM)
|
Batting: RHB Ed Terry
|
0-0: Called Strike 0-1: Ball 1-1: Ball 2-1: Ball 3-1: Called Strike 3-2: Foul Ball, location: 2F 3-2: Ground out 5-3 (Groundball, 56)
|
Batting: RHB Dale Findley
|
0-0: Ball 1-0: Fly out, F9 (Flyball, 9D)
|
Top of the 1st over - 0 run(s), 0 hit(s), 0 error(s), 0 left on base; Bismarck 0 - San Diego 0 |
BOTTOM OF THE 1ST |
San Diego Smashers batting - Pitching for Bismarck Barons : RHP Dalton Ray
|
Pitching: RHP Dalton Ray
|
|
Batting: RHB Manuel Muńóz
|
0-0: Fly out, F8 (Flyball, 8RM)
|
Batting: RHB Cisco Gatán
|
0-0: Ball 1-0: Ball 2-0: Ball 3-0: Called Strike 3-1: Foul Ball, location: 2F 3-2: Foul Ball, location: 2F 3-2: Ground out 4-3 (Groundball, 4)
|
Batting: LHB Bob Cunningham
|
0-0: Fly out, F7 (Line Drive, 78M)
|
Bottom of the 1st over - 0 run(s), 0 hit(s), 0 error(s), 0 left on base; Bismarck 0 - San Diego 0 |
TOP OF THE 2ND |
Bismarck Barons batting - Pitching for San Diego Smashers : RHP David West
|
Batting: RHB Jorge Espinosa
|
0-0: Hit by Pitch
|
Batting: RHB Domingo Ávila
|
0-0: Fly out, F7 (Line Drive, 78M)
|
Batting: RHB Kiyomitsu Shinoda
|
0-0: Called Strike 0-1: Foul Ball, location: 2F 0-2: Strikes out swinging
|
Batting: RHB Steve Brown
|
0-0: DOUBLE (Line Drive, 8RD) Jorge Espinosa to third
|
Batting: SHB Dave Lee
|
0-0: Called Strike 0-1: Fly out, F5 (Popup, 56)
|
Top of the 2nd over - 0 run(s), 1 hit(s), 0 error(s), 2 left on base; Bismarck 0 - San Diego 0 |
BOTTOM OF THE 2ND |
San Diego Smashers batting - Pitching for Bismarck Barons : RHP Dalton Ray
|
Batting: RHB Lorenzo Martínez
|
0-0: Foul Ball, location: 2F 0-1: Ball 1-1: Called Strike 1-2: Ball 2-2: Ball 3-2: Base on Balls
|
Batting: LHB Pedro Cruz
|
0-0: Called Strike 0-1: Foul Ball, location: 2F 0-2: Ball 1-2: Fielders Choice at 2nd, 6-4 (Groundball, 6)
|
Batting: RHB Francisco Castillo
|
0-0: Called Strike 0-1: Grounds into double play, 4-6-3 (Groundball, 4)
|
Bottom of the 2nd over - 0 run(s), 0 hit(s), 0 error(s), 0 left on base; Bismarck 0 - San Diego 0 |
TOP OF THE 3RD |
Bismarck Barons batting - Pitching for San Diego Smashers : RHP David West
|
Batting: LHB Jorge Martínez
|
0-0: Ball 1-0: Foul Ball, location: 2F 1-1: Called Strike 1-2: SOLO HOME RUN (Flyball, 9D), Distance : 390 ft
|
Batting: SHB Chris Griffith
|
0-0: Called Strike 0-1: Swinging Strike 0-2: Ball 1-2: SINGLE (Line Drive, 4MD)
|
Batting: RHB Ed Terry
|
0-0: Ball 1-0: Called Strike 1-1: Ball 2-1: Grounds into double play, 1-6-3 (Groundball, 15)
|
Batting: RHB Dale Findley
|
0-0: Fly out, F8 (Flyball, 8RD)
|
Top of the 3rd over - 1 run(s), 2 hit(s), 0 error(s), 0 left on base; Bismarck 1 - San Diego 0 |
BOTTOM OF THE 3RD |
San Diego Smashers batting - Pitching for Bismarck Barons : RHP Dalton Ray
|
Batting: LHB Alfredo Fernández
|
0-0: DOUBLE (Flyball, 7LS)
|
Batting: SHB José González
|
0-0: Called Strike Alfredo Fernández is caught stealing 3rd base 0-1: Ball 1-1: Foul Ball, location: 2F 1-2: Fly out, F8 (Flyball, 8LM)
|
Batting: RHB Justin Burgess
|
0-0: Ball 1-0: Ground out 5-3 (Groundball, 5)
|
Bottom of the 3rd over - 0 run(s), 1 hit(s), 0 error(s), 0 left on base; Bismarck 1 - San Diego 0 |
TOP OF THE 4TH |
Bismarck Barons batting - Pitching for San Diego Smashers : RHP David West
|
Batting: RHB Jorge Espinosa
|
0-0: Called Strike 0-1: Fly out, F6 (Line Drive, 6M)
|
Batting: RHB Domingo Ávila
|
0-0: Called Strike 0-1: Foul Ball, location: 2F 0-2: Foul Ball, location: 2F 0-2: Ball 1-2: Fly out, F5 (Line Drive, 56)
|
Batting: RHB Kiyomitsu Shinoda
|
0-0: Called Strike 0-1: Ball 1-1: SOLO HOME RUN (Flyball, 8LXD), Distance : 433 ft
|
Batting: RHB Steve Brown
|
0-0: Called Strike 0-1: Ball 1-1: Foul Ball, location: 2F 1-2: Strikes out swinging
|
Top of the 4th over - 1 run(s), 1 hit(s), 0 error(s), 0 left on base; Bismarck 2 - San Diego 0 |
BOTTOM OF THE 4TH |
San Diego Smashers batting - Pitching for Bismarck Barons : RHP Dalton Ray
|
Batting: RHB Manuel Muńóz
|
0-0: Ball 1-0: Fly out, F4 (Popup, 4D)
|
Batting: RHB Cisco Gatán
|
0-0: SINGLE (Line Drive, 4M)
|
Batting: LHB Bob Cunningham
|
0-0: Ball 1-0: Called Strike 1-1: Ball 2-1: Ball 3-1: Base on Balls Cisco Gatán to second
|
Batting: RHB Lorenzo Martínez
|
0-0: Foul Ball, location: 2F 0-1: Foul Ball, location: 2F 0-2: Fly out, F9 (Flyball, 9M)
|
Batting: LHB Pedro Cruz
|
0-0: Called Strike 0-1: Ball Wild Pitch! Cisco Gatán to third Bob Cunningham to second 1-1: Called Strike 1-2: Ball 2-2: Ball 3-2: Foul Ball, location: 2F 3-2: Foul Ball, location: 2F 3-2: Base on Balls
|
Batting: RHB Francisco Castillo
|
0-0: Ball 1-0: Swinging Strike 1-1: Foul Ball, location: 2F 1-2: Ball 2-2: Foul Ball, location: 2F 2-2: Foul Ball, location: 2F 2-2: Ball 3-2: Base on Balls Cisco Gatán scores Bob Cunningham to third Pedro Cruz to second
|
Batting: LHB Alfredo Fernández
|
0-0: Foul Ball, location: 2F 0-1: Ball 1-1: Ball 2-1: Ground out 3-1 (Groundball, 34)
|
Bottom of the 4th over - 1 run(s), 1 hit(s), 0 error(s), 3 left on base; Bismarck 2 - San Diego 1 |
TOP OF THE 5TH |
Bismarck Barons batting - Pitching for San Diego Smashers : RHP David West
|
Batting: SHB Dave Lee
|
0-0: Fly out, F4 (Line Drive, 4)
|
Batting: LHB Jorge Martínez
|
0-0: Swinging Strike 0-1: Fly out, F9 (Flyball, 89D)
|
Batting: SHB Chris Griffith
|
0-0: Ball 1-0: Foul Ball, location: 2F 1-1: Called Strike 1-2: Fly out, F7 (Popup, 56D)
|
Top of the 5th over - 0 run(s), 0 hit(s), 0 error(s), 0 left on base; Bismarck 2 - San Diego 1 |
BOTTOM OF THE 5TH |
San Diego Smashers batting - Pitching for Bismarck Barons : RHP Dalton Ray
|
Batting: SHB José González
|
0-0: Ball 1-0: Foul Ball, location: 2F 1-1: Ball 2-1: Called Strike 2-2: Ball 3-2: Base on Balls
|
Batting: RHB Justin Burgess
|
0-0: Ball 1-0: Ball 2-0: Swinging Strike 2-1: Foul Ball, location: 2F 2-2: Ball 3-2: Strikes out swinging
|
Batting: RHB Manuel Muńóz
|
0-0: Called Strike 0-1: Called Strike 0-2: Fly out, F8 (Flyball, 8LM)
|
Batting: RHB Cisco Gatán
|
0-0: Called Strike 0-1: SINGLE (Line Drive, 7S) José González to second
|
Batting: LHB Bob Cunningham
|
0-0: Ball 1-0: Ball 2-0: Called Strike 2-1: Swinging Strike 2-2: SINGLE (Groundball, 6MD) José González to third Cisco Gatán to second Runner from 3rd tries for Home, SAFE, no throw or cutoff
|
Batting: RHB Lorenzo Martínez
|
0-0: Ball 1-0: Ball 2-0: 3-RUN HOME RUN (Flyball, 78XD), Distance : 393 ft
|
Batting: LHB Pedro Cruz
|
0-0: Called Strike 0-1: Ball 1-1: Ground out 2-3 (Groundball, 25)
|
Bottom of the 5th over - 4 run(s), 3 hit(s), 0 error(s), 0 left on base; Bismarck 2 - San Diego 5 |
TOP OF THE 6TH |
Bismarck Barons batting - Pitching for San Diego Smashers : RHP David West
|
Batting: RHB Ed Terry
|
0-0: Called Strike 0-1: Fly out, F7 (Flyball, 78S)
|
Batting: RHB Dale Findley
|
0-0: Swinging Strike 0-1: Foul Ball, location: 2F 0-2: Foul Ball, location: 2F 0-2: Ball 1-2: Foul Ball, location: 2F 1-2: Strikes out swinging
|
Batting: RHB Jorge Espinosa
|
0-0: Ball 1-0: Called Strike 1-1: Ball 2-1: Ball 3-1: Called Strike 3-2: Fly out, F8 (Line Drive, 8LM)
|
Top of the 6th over - 0 run(s), 0 hit(s), 0 error(s), 0 left on base; Bismarck 2 - San Diego 5 |
BOTTOM OF THE 6TH |
San Diego Smashers batting - Pitching for Bismarck Barons : RHP Dalton Ray
|
Pitching: LHP Ramón Santos
|
|
Batting: RHB Francisco Castillo
|
0-0: Fly out, F6 (Popup, 56D)
|
Batting: LHB Alfredo Fernández
|
0-0: DOUBLE (Flyball, 78XD)
|
Batting: SHB José González
|
0-0: Ball 1-0: SINGLE (Line Drive, 89S) Alfredo Fernández to third Runner from 3rd tries for Home, SAFE, no throw or cutoff
|
Batting: RHB Justin Burgess
|
0-0: Foul Ball, location: 2F 0-1: Fly out, F9 (Flyball, 89M)
|
Batting: RHB Manuel Muńóz
|
0-0: Swinging Strike 0-1: Called Strike 0-2: Ball 1-2: Ball 2-2: Fly out, F7 (Flyball, 78S)
|
Bottom of the 6th over - 1 run(s), 2 hit(s), 0 error(s), 1 left on base; Bismarck 2 - San Diego 6 |
TOP OF THE 7TH |
Bismarck Barons batting - Pitching for San Diego Smashers : RHP David West
|
Batting: RHB Domingo Ávila
|
0-0: Reaches on Catchers interference
|
Batting: RHB Kiyomitsu Shinoda
|
0-0: Ball 1-0: DOUBLE (Line Drive, 8LXD) Domingo Ávila to third
|
Batting: RHB Steve Brown
|
0-0: Ground out U3 (Groundball, 3)
|
Batting: SHB Dave Lee
|
0-0: Ball 1-0: Called Strike 1-1: SINGLE (Line Drive, 7S) Domingo Ávila scores Kiyomitsu Shinoda to third Runner from 3rd tries for Home, SAFE, throw made home Dave Lee to second
|
Batting: LHB Jorge Martínez
|
0-0: Ball 1-0: Called Strike 1-1: Fly out, F9 (Flyball, 89D) Runner from 2nd tags up, SAFE at 3rd, no throw
|
Batting: SHB Chris Griffith
|
0-0: Ball 1-0: Ball 2-0: Fly out, F8 (Flyball, 8LD)
|
Top of the 7th over - 2 run(s), 2 hit(s), 1 error(s), 1 left on base; Bismarck 4 - San Diego 6 |
BOTTOM OF THE 7TH |
San Diego Smashers batting - Pitching for Bismarck Barons : LHP Ramón Santos
|
Batting: RHB Cisco Gatán
|
0-0: Ball 1-0: Ball 2-0: Ball 3-0: Called Strike 3-1: Called Strike 3-2: Base on Balls
|
Batting: LHB Bob Cunningham
|
0-0: Ball 1-0: Ball 2-0: Called Strike 2-1: Foul Ball, location: 2F 2-2: SINGLE (Line Drive, 4D) Cisco Gatán to second
|
Batting: RHB Lorenzo Martínez
|
0-0: Foul Ball, location: 2F 0-1: Ball 1-1: Ball 2-1: Swinging Strike 2-2: Ball 3-2: Foul Ball, location: 2F 3-2: Base on Balls Cisco Gatán to third Bob Cunningham to second
|
Pinch Hitting: SHB Yoshitoki Kouda
|
0-0: Swinging Strike 0-1: Foul Ball, location: 2F 0-2: Ball 1-2: Ball 2-2: Ball 3-2: Fly out, F9 (Flyball, 9D) Runner from 3rd tags up, SCORES, no throw Bob Cunningham to third
|
Batting: RHB Francisco Castillo
|
0-0: Foul Ball, location: 2F 0-1: Ball 1-1: Called Strike 1-2: Strikes out swinging
|
Batting: LHB Alfredo Fernández
|
0-0: Ball 1-0: Ball 2-0: Ball 3-0: Base on Balls Lorenzo Martínez to second
|
Pinch Hitting: RHB Javier García
|
0-0: Called Strike 0-1: Called Strike 0-2: Strikes out swinging
|
Bottom of the 7th over - 1 run(s), 1 hit(s), 0 error(s), 3 left on base; Bismarck 4 - San Diego 7 |
TOP OF THE 8TH |
Bismarck Barons batting - Pitching for San Diego Smashers : RHP David West
|
Now at 1B: Paul Anthony
|
|
Now at 2B: Alex Shenk
|
|
Batting: RHB Ed Terry
|
0-0: Called Strike 0-1: Ball 1-1: Ball 2-1: SOLO HOME RUN (Flyball, 78XD), Distance : 388 ft
|
Batting: RHB Dale Findley
|
0-0: Ball 1-0: Called Strike 1-1: SINGLE (Groundball, 34)
|
Batting: RHB Jorge Espinosa
|
0-0: Called Strike 0-1: Ball 1-1: SINGLE (Line Drive, 5D) Dale Findley to second
|
Pinch Hitting: RHB Ron James
|
0-0: 3-RUN HOME RUN (Flyball, 7D), Distance : 356 ft
|
Pitching: RHP Mark Ross
|
|
Batting: RHB Kiyomitsu Shinoda
|
0-0: Ball 1-0: Ball 2-0: Fly out, F8 (Line Drive, 8LD)
|
Batting: RHB Steve Brown
|
0-0: Ball 1-0: Ball 2-0: Called Strike 2-1: Ball 3-1: Base on Balls
|
Batting: SHB Dave Lee
|
0-0: Ball 1-0: Ball 2-0: Called Strike 2-1: Foul Ball, location: 2F 2-2: Strikes out swinging
|
Batting: LHB Jorge Martínez
|
0-0: Foul Ball, location: 2F 0-1: Swinging Strike 0-2: Ball 1-2: Foul Ball, location: 2F 1-2: Foul Ball, location: 2F 1-2: Strikes out swinging
|
Top of the 8th over - 4 run(s), 4 hit(s), 0 error(s), 1 left on base; Bismarck 8 - San Diego 7 |
BOTTOM OF THE 8TH |
San Diego Smashers batting - Pitching for Bismarck Barons : LHP Ramón Santos
|
Pitching: RHP Pedro Lara
|
|
Now at SS: Rodrigo Ortíz
|
|
Batting: RHB Justin Burgess
|
0-0: Ball 1-0: Foul Ball, location: 2F 1-1: SOLO HOME RUN (Flyball, 7D), Distance : 335 ft
|
Pinch Hitting: LHB Raúl Guerra
|
0-0: Fly out, F9 (Flyball, 89M)
|
Batting: RHB Cisco Gatán
|
0-0: Ball 1-0: Ball 2-0: Ball 3-0: Foul Ball, location: 2F 3-1: Base on Balls
|
Batting: LHB Bob Cunningham
|
0-0: Foul Ball, location: 2F 0-1: Foul Ball, location: 2F 0-2: Ball 1-2: Ball 2-2: Fly out, F8 (Flyball, 8RXD)
|
Batting: RHB Lorenzo Martínez
|
0-0: Called Strike 0-1: Ball 1-1: Ball 2-1: Foul Ball, location: 2F 2-2: Ball 3-2: Base on Balls Cisco Gatán to second
|
Batting: LHB Alex Shenk
|
0-0: Foul Ball, location: 2F 0-1: Called Strike 0-2: Foul Ball, location: 2F 0-2: Foul Ball, location: 2F 0-2: Foul Ball, location: 2F 0-2: Strikes out swinging
|
Bottom of the 8th over - 1 run(s), 1 hit(s), 0 error(s), 2 left on base; Bismarck 8 - San Diego 8 |
TOP OF THE 9TH |
Bismarck Barons batting - Pitching for San Diego Smashers : RHP Mark Ross
|
Pitching: RHP Alberto Ortega
|
|
Now in LF: Raúl Guerra
|
|
Batting: SHB Chris Griffith
|
0-0: Ball 1-0: SINGLE (Groundball, 4M)
|
Batting: RHB Ed Terry
|
0-0: Called Strike 0-1: Bunt missed! 0-2: Ball Chris Griffith is caught stealing 2nd base 1-2: Ground out 6-3 (Groundball, 6)
|
Batting: RHB Dale Findley
|
0-0: Called Strike 0-1: Swinging Strike 0-2: Strikes out looking
|
Top of the 9th over - 0 run(s), 1 hit(s), 0 error(s), 0 left on base; Bismarck 8 - San Diego 8 |
BOTTOM OF THE 9TH |
San Diego Smashers batting - Pitching for Bismarck Barons : RHP Pedro Lara
|
Pitching: LHP Edgardo Conteraras
|
|
Batting: RHB Francisco Castillo
|
0-0: Called Strike 0-1: Ball 1-1: Ball 2-1: Swinging Strike 2-2: Foul Ball, location: 2F 2-2: Foul Ball, location: 2F 2-2: Strikes out swinging
|
Batting: LHB Alfredo Fernández
|
0-0: Called Strike 0-1: Swinging Strike 0-2: Foul Ball, location: 2F 0-2: Strikes out swinging
|
Batting: RHB Paul Anthony
|
0-0: Ball 1-0: Ball 2-0: Foul Ball, location: 2F 2-1: Foul Ball, location: 2F 2-2: Foul Ball, location: 2F 2-2: Foul Ball, location: 2F 2-2: Strikes out swinging
|
Bottom of the 9th over - 0 run(s), 0 hit(s), 0 error(s), 0 left on base; Bismarck 8 - San Diego 8 |
TOP OF THE 10TH |
Bismarck Barons batting - Pitching for San Diego Smashers : RHP Alberto Ortega
|
Batting: RHB Jorge Espinosa
|
0-0: Ground out 4-3 (Groundball, 4)
|
Pinch Hitting: SHB Lester Olsen
|
0-0: Ball 1-0: Foul Ball, location: 2F 1-1: SINGLE (Groundball, 34D)
|
Batting: RHB Kiyomitsu Shinoda
|
0-0: Ball 1-0: Ball Lester Olsen steals 2nd base 2-0: SINGLE (Groundball, 6MD) Lester Olsen to third Runner from 3rd tries for Home, SAFE, throw made home
|
Batting: RHB Steve Brown
|
0-0: Ball 1-0: Foul Ball, location: 2F 1-1: Ball 2-1: Fly out, F8 (Line Drive, 8LS)
|
Batting: SHB Dave Lee
|
0-0: Ball 1-0: Ball 2-0: Foul Ball, location: 2F 2-1: Ground out 1-3 (Groundball, 15S)
|
Top of the 10th over - 1 run(s), 2 hit(s), 0 error(s), 1 left on base; Bismarck 9 - San Diego 8 |
BOTTOM OF THE 10TH |
San Diego Smashers batting - Pitching for Bismarck Barons : LHP Edgardo Conteraras
|
Now at SS: Lester Olsen
|
|
Batting: RHB Justin Burgess
|
0-0: Ball 1-0: Called Strike 1-1: Foul Ball, location: 2F 1-2: Ball 2-2: Strikes out swinging
|
Batting: LHB Raúl Guerra
|
0-0: Ball 1-0: Called Strike 1-1: Ball 2-1: Swinging Strike 2-2: Foul Ball, location: 2F 2-2: Ball 3-2: Base on Balls
|
Pinch Runner at 1st Luis Peńa:
|
|
Batting: RHB Cisco Gatán
|
0-0: Called Strike 0-1: Ball 1-1: SINGLE (Flyball, 9LS) Luis Peńa to second Runner from 2nd tries for 3rd, SAFE, no throw or cutoff
|
Batting: LHB Bob Cunningham
|
0-0: Ball Wild Pitch! Luis Peńa scores Cisco Gatán to second 1-0: Ball 2-0: Ball 3-0: Called Strike 3-1: Base on Balls
|
Batting: RHB Lorenzo Martínez
|
0-0: Ball 1-0: Ball 2-0: Called Strike 2-1: Ball 3-1: Base on Balls Cisco Gatán to third Bob Cunningham to second
|
Pinch Hitting: RHB Will Bryant
|
0-0: Ball 1-0: Swinging Strike 1-1: Fly out, F4 (Popup, 4)
|
Batting: RHB Francisco Castillo
|
0-0: Ball 1-0: Called Strike 1-1: Swinging Strike 1-2: Ball 2-2: Foul Ball, location: 2F 2-2: Strikes out looking
|
Bottom of the 10th over - 1 run(s), 1 hit(s), 0 error(s), 3 left on base; Bismarck 9 - San Diego 9 |
TOP OF THE 11TH |
Bismarck Barons batting - Pitching for San Diego Smashers : RHP Alberto Ortega
|
Pitching: LHP Richard Simpson
|
|
Now at 2B: Will Bryant
|
|
Now in LF: Luis Peńa
|
|
Batting: LHB Jorge Martínez
|
0-0: Called Strike 0-1: Ball 1-1: DOUBLE (Line Drive, 78D)
|
Batting: SHB Chris Griffith
|
0-0: Reached on error, E5 (Groundball, 5S) Jorge Martínez to third
|
Batting: RHB Ed Terry
|
0-0: Ball 1-0: Ground out 5-3 (Groundball, 5S) Chris Griffith to second
|
Batting: RHB Dale Findley
|
0-0: DOUBLE (Line Drive, 7LM) Jorge Martínez scores Chris Griffith scores
|
Batting: RHB Jorge Espinosa
|
0-0: Intentional Walk
|
Batting: SHB Lester Olsen
|
0-0: Swinging Strike 0-1: SINGLE (Flyball, 8RS) Dale Findley to third Jorge Espinosa to second Runner from 3rd tries for Home, SAFE, no throw or cutoff
|
Batting: RHB Kiyomitsu Shinoda
|
0-0: Ball 1-0: SINGLE (Line Drive, 6D) Jorge Espinosa to third Lester Olsen to second
|
Batting: RHB Steve Brown
|
0-0: Called Strike 0-1: Ball 1-1: Foul Ball, location: 2F 1-2: Fly out, F9 (Flyball, 9M)
|
Batting: SHB Dave Lee
|
0-0: Swinging Strike 0-1: Foul Ball, location: 2F 0-2: Ball 1-2: Fly out, F4 (Popup, 4)
|
Top of the 11th over - 3 run(s), 4 hit(s), 1 error(s), 3 left on base; Bismarck 12 - San Diego 9 |
BOTTOM OF THE 11TH |
San Diego Smashers batting - Pitching for Bismarck Barons : LHP Edgardo Conteraras
|
Pitching: RHP Tomás Olvera
|
|
Batting: LHB Alfredo Fernández
|
0-0: Ball 1-0: Swinging Strike 1-1: Ball 2-1: Ball 3-1: Base on Balls
|
Batting: RHB Paul Anthony
|
0-0: SINGLE (Flyball, 89S) Alfredo Fernández to second Runner from 2nd tries for 3rd, SAFE, no throw or cutoff
|
Batting: RHB Justin Burgess
|
0-0: Fly out, F7 (Flyball, 8LM) Runner from 3rd tags up, SCORES, no throw
|
Batting: RHB Luis Peńa
|
0-0: Ball 1-0: Ball 2-0: Ball 3-0: Foul Ball, location: 2F 3-1: Foul Ball, location: 2F 3-2: Strikes out swinging
|
Batting: RHB Cisco Gatán
|
0-0: Foul Ball, location: 2F 0-1: Fly out, F3 (Popup, 3F)
|
Bottom of the 11th over - 1 run(s), 1 hit(s), 0 error(s), 1 left on base; Bismarck 12 - San Diego 10 |
|